 Dungeon Crawl Stone Soup version 0.18-b1-22-ge198996 (webtiles) character file.

1113 barb4r1an the Conjurer (level 8, -3/57 HPs)
             Began as a Grey Draconian Conjurer on May 3, 2016.
             Slain by an orc wizard
             ... wielding a +4 dagger of electrocution
              (8 damage)
             ... on level 4 of the Dungeon.
             The game lasted 00:12:56 (5443 turns).

barb4r1an the Conjurer (Grey Draconian Conjurer)    Turns: 5443, Time: 00:12:56

Health: -3/57      AC: 17    Str: 10    XL:     8   Next: 12%
Magic:  8/15       EV: 14    Int: 19    God:
Gold:   280        SH:  0    Dex: 11    Spells: 3 memorised, 9 levels left

rFire  . . .     SeeInvis .     y - +1 mace (protect)
rCold  . . .     Gourm    .     (armour unavailable)
rNeg   . . .     Faith    .     (no shield)
rPois  .         Spirit   .     (helmet restricted)
rElec  .         Dismiss  .     s - +0 cloak
rCorr  .         Reflect  .     (no gloves)
SustAt .         Harm     .     (no boots)
MR     .....                    (no amulet)
Stlth  ++........               (no ring)
                                (no ring)

@: not resistant to hostile enchantments, unstealthy
A: walk through water, unfitting armour, unbreathing, cold-blooded, AC +11
a: no special abilities


You were on level 4 of the Dungeon.
You were near starving.

You visited 1 branch of the dungeon, and saw 5 of its levels.

You collected 280 gold pieces.

Inventory:

Hand Weapons
 m - a +2 dagger of draining
 y - a +1 mace of protection (weapon)
Armour
 s - a +0 cloak (worn)
Wands
 r - a wand of paralysis (8/24)
Scrolls
 g - 4 scrolls of fog {unknown}
 i - 3 scrolls of immolation {unknown}
 j - 4 scrolls of remove curse {unknown}
 k - 3 scrolls of noise {unknown}
 l - 2 scrolls of enchant weapon {unknown}
 n - a scroll of recharging {unknown}
 o - 4 scrolls of identify {unknown}
 v - a scroll of magic mapping {unknown}
 x - a scroll of random uselessness {unknown}
Potions
 c - 4 potions of curing {unknown}
 e - a potion of flight {unknown}
 q - 2 potions of heal wounds {unknown}
 t - a potion of invisibility {unknown}
 u - a potion of agility {unknown}
 w - a potion of haste {unknown}
Books
 a - a book of Conjurations

   Spells                             Type                      Level
   a - Magic Dart                     Conjuration                  1
   b - Searing Ray                    Conjuration                  2
   c - Dazzling Spray                 Conjuration/Hexes            3
   d - Fulminant Prism                Conjuration/Hexes            4
   e - Iskenderun's Mystic Blast      Conjuration                  4
   f - Iskenderun's Battlesphere      Conjuration/Charms           5
Comestibles
 b - 3 bread rations
 d - 4 meat rations
 f - 2 beef jerkies
 h - a slice of pizza
 p - 2 fruits


   Skills:
 - Level 0.2 Fighting
 - Level 0.4 Short Blades
 + Level 5.0 Dodging
 - Level 2.7 Stealth
 + Level 4.7 Spellcasting
 + Level 7.2 Conjurations


You had 9 spell levels left.
You knew the following spells:

 Your Spells              Type           Power        Failure   Level  Hunger
a - Magic Dart            Conj           ####         1%          1    None
b - Searing Ray           Conj           ####..       1%          2    #......
c - Iskenderun's Mystic   Conj           ####....     10%         4    ####...


Dungeon Overview and Level Annotations

Branches:
Dungeon (5/15)
 Temple: D:4-7

Altars:
Fedhas
Qazlal
Yredelemnul

Shops:
D:5 ?


Innate Abilities, Weirdness & Mutations

You can walk through water.
Your dull iron-grey scales are very hard (AC +11).
Your body does not fit into most forms of armour.
You can survive without breathing.
You are cold-blooded and may be slowed by cold attacks.


Message History

The magic dart hits the hound.
The hound is heavily wounded.
Something hits you but does no damage. The hound closely misses you.
You barely miss the hound.
The hound is heavily wounded.
You hear some strange, mumbled words.
A puff of flame appears from out of thin air!
The puff of flame misses you. The hound bites you but does no damage.
The hound barely misses you. Something hits you but does no damage.
You barely miss the hound.
The hound is heavily wounded.
Something hits you.
The hound bites you but does no damage. x2
Something hits you but does no damage.
You are electrocuted!
* * * LOW HITPOINT WARNING * * *
The hound misses you. Something barely misses you.
Unknown command.
You barely miss the hound.
The hound is heavily wounded.
Something hits you but does no damage.
You are electrocuted!
You die...

......# ##..##
......######...#
...............##
................#
.###............##
## #.............#
#..>.......#..#
#..........#..#
#..........#h@#
####..........##{#
..............##.#
..............##.#
..†.....########.#
...^....# #####.#
........####.....##
#########.........#
#.........#


You could see a hound.

Vanquished Creatures
  A human (D:2)
  An ice beast (D:5)
  A sky beast (D:5)
  An ogre (D:4)
  2 centaurs (D:5)
  A water moccasin skeleton (D:4)
  2 scorpions (D:4)
  Crazy Yiuf (D:2)
  2 orc priests
  2 orc wizards (D:5)
  Terence (D:2)
  Ijyb (D:2)
  3 worker ants (D:4)
  4 adders
  A shadow imp (D:5)
  An ooze (D:4)
  An adder skeleton (D:5)
  2 worms
  A giant gecko (D:3)
  11 orcs
  A ball python (D:3)
  7 bats
  3 giant cockroaches
  7 goblins
  3 hobgoblins (D:1)
  3 jackals (D:2)
  8 kobolds
  3 giant newts
  5 rats
80 creatures vanquished.

Notes
Turn   | Place    | Note
--------------------------------------------------------------
     0 | D:1      | barb4r1an the Draconian Conjurer began the quest for the Orb.
     0 | D:1      | Reached XP level 1. HP: 14/14 MP: 3/3
   253 | D:1      | Reached XP level 2. HP: 20/20 MP: 0/5
   304 | D:1      | Learned a level 2 spell: Searing Ray
  1123 | D:2      | Reached XP level 3. HP: 25/26 MP: 6/6
  1131 | D:2      | Found a stormy altar of Qazlal.
  1327 | D:2      | Noticed Terence
  1388 | D:2      | Killed Terence
  1388 | D:2      | Reached skill level 5 in Conjurations
  1577 | D:2      | Found a runed door.
  1577 | D:2      | Noticed a human
  1578 | D:2      | Found a basalt altar of Yredelemnul.
  1809 | D:2      | Killed a human
  1809 | D:2      | Reached XP level 4. HP: 7/33 MP: 2/7
  1809 | D:2      | Reached XP level 5. HP: 8/38 MP: 2/8
  2111 | D:2      | Noticed Ijyb
  2115 | D:2      | Paralysed by Ijyb for 4 turns
  2123 | D:2      | Killed Ijyb
  2139 | D:2      | Learned a level 4 spell: Iskenderun's Mystic Blast
  2531 | D:2      | Noticed Crazy Yiuf
  2538 | D:2      | Killed Crazy Yiuf
  2538 | D:2      | Reached XP level 6. HP: 45/45 MP: 0/10
  3528 | D:4      | Reached skill level 6 in Conjurations
  4262 | D:4      | Your scales start taking on a dull iron-grey colour.
  4262 | D:4      | Reached XP level 7. HP: 48/50 MP: 3/12
  4262 | D:4      | Gained mutation: You can survive without breathing. [Grey Draconian growth]
  4617 | D:5      | Entered Level 5 of the Dungeon
  4619 | D:5      | Found a blossoming altar of Fedhas.
  4840 | D:5      | Found Feraf's Magic Scroll Emporium.
  4910 | D:5      | Reached skill level 7 in Conjurations
  5151 | D:5      | Reached XP level 8. HP: 47/57 MP: 6/14
  5436 | D:5      | Reached skill level 5 in Dodging
  5443 | D:4      | Slain by an orc wizard

Skill      XL: |  1  2  3  4  5  6  7  8 |
---------------+-------------------------+-----
Stealth        | 2 |  2.7
Dodging        | 2 3 4 5 |  5.0
Conjurations   | 5 6 7 |  7.2
Spellcasting   | 3 4 |  4.7
Fighting       | |  0.2
Short Blades   | |  0.4

Action                   |  1- 3 |  4- 6 |  7- 9 || total
-------------------------+-------+-------+-------++-------
Melee: Unarmed           |    18 |       |       ||    18
       Dagger            |    24 |    18 |    18 ||    60
       Tailslap          |     2 |     1 |     3 ||     6
       Mace              |       |       |    18 ||    18
 Cast: Magic Dart        |    44 |    68 |    36 ||   148
       Searing Ray       |     6 |     5 |    10 ||    21
       Iskenderun's Myst |       |     6 |     1 ||     7
  Eat: Chunk             |     3 |     8 |       ||    11
       Bread ration      |       |       |     1 ||     1
Armor: Skin              |    18 |    20 |    38 ||    76
Dodge: Dodged            |    36 |    26 |    35 ||    97
